TOP OF THE 1ST |
San Francisco Bandits batting - Pitching for Nassau Rockets : RHP Bob Holland
|
Pitching: RHP Bob Holland
|
|
Batting: RHB Peter Bishop
|
0-0: Swinging Strike 0-1: Called Strike 0-2: Ball 1-2: Ground out 4-3 (Groundball, 4)
|
Batting: RHB Scott Merritt
|
0-0: Called Strike 0-1: Fly out, F2 (Popup, 23F)
|
Batting: RHB Javier Ramírez
|
0-0: Foul Ball, location: 2F 0-1: Ball 1-1: Ball 2-1: Ball 3-1: Swinging Strike 3-2: Base on Balls
|
Batting: RHB Dale Taylor
|
0-0: Ball 1-0: Ground out 5-3 (Groundball, 56S)
|
Top of the 1st over - 0 runs, 0 hits, 0 errors, 1 left on base; San Francisco 0 - Nassau 0 |
BOTTOM OF THE 1ST |
Nassau Rockets batting - Pitching for San Francisco Bandits : LHP Octávio Pérez
|
Pitching: LHP Octávio Pérez
|
|
Batting: SHB Edgardo Osorio
|
0-0: Called Strike 0-1: SINGLE (Groundball, 56D)
|
Batting: LHB Andrew Alvarado
|
0-0: Ball 1-0: SINGLE (Groundball, 34D) Edgardo Osorio to second Runner from 2nd tries for 3rd, SAFE, no throw
|
Batting: RHB Dexter Potter
|
0-0: Foul Ball, location: 2F 0-1: Ball 1-1: Ground out 4-3 (Groundball, 4MD) Edgardo Osorio scores Andrew Alvarado to second
|
Batting: LHB Wilson Allen
|
0-0: Called Strike 0-1: Ball 1-1: Foul Ball, location: 2F 1-2: Ground out U3 (Groundball, 3) Andrew Alvarado to third
|
Batting: RHB Salvador Borbón
|
0-0: Called Strike 0-1: Called Strike 0-2: Ball 1-2: Ball 2-2: Ball 3-2: Base on Balls
|
Batting: RHB Brant Sherman
|
0-0: Ball 1-0: SINGLE (Flyball, 89M) Andrew Alvarado scores Salvador Borbón to second Runner from 2nd tries for 3rd, SAFE, throw made at trailing runner, OUT!
|
Bottom of the 1st over - 2 runs, 3 hits, 0 errors, 1 left on base; San Francisco 0 - Nassau 2 |
TOP OF THE 2ND |
San Francisco Bandits batting - Pitching for Nassau Rockets : RHP Bob Holland
|
Batting: LHB Mel Jones
|
0-0: Foul Ball, location: 2F 0-1: Ball 1-1: Fly out, F7 (Flyball, 78D)
|
Batting: SHB Terry Dailey
|
0-0: Foul Ball, location: 2F 0-1: Swinging Strike 0-2: Ball 1-2: Strikes out swinging
|
Batting: LHB Phil Cantrell
|
0-0: Ball 1-0: Called Strike 1-1: Ball 2-1: Ground out 3-1 (Groundball, 34)
|
Top of the 2nd over - 0 runs, 0 hits, 0 errors, 0 left on base; San Francisco 0 - Nassau 2 |
BOTTOM OF THE 2ND |
Nassau Rockets batting - Pitching for San Francisco Bandits : LHP Octávio Pérez
|
Batting: RHB Aaron Wilson
|
0-0: Ball 1-0: Ground out 3-1 (Groundball, 34)
|
Batting: RHB Pepe González
|
0-0: Ball 1-0: Called Strike 1-1: Ground out 5-3 (Groundball, 56)
|
Batting: RHB Ken MacDonald
|
0-0: Ball 1-0: Ball 2-0: Called Strike 2-1: SINGLE (Line Drive, 9S)
|
Batting: SHB Edgardo Osorio
|
0-0: Called Strike 0-1: Ball 1-1: Ball 2-1: Swinging Strike 2-2: Ball Ken MacDonald steals 2nd base 3-2: Strikes out looking
|
Bottom of the 2nd over - 0 runs, 1 hit, 0 errors, 1 left on base; San Francisco 0 - Nassau 2 |
TOP OF THE 3RD |
San Francisco Bandits batting - Pitching for Nassau Rockets : RHP Bob Holland
|
Batting: RHB José Hernández
|
0-0: Ball 1-0: Foul Ball, location: 2F 1-1: DOUBLE (Line Drive, 7LM)
|
Batting: RHB David Crespo
|
0-0: Called Strike 0-1: Called Strike 0-2: Strikes out swinging
|
Batting: RHB Peter Bishop
|
0-0: Ball 1-0: Called Strike 1-1: Fly out, F7 (Flyball, 7S)
|
Batting: RHB Scott Merritt
|
0-0: Foul Ball, location: 2F 0-1: SINGLE (Line Drive, 34) José Hernández to third Runner from 3rd tries for Home, SAFE, no throw
|
Batting: RHB Javier Ramírez
|
0-0: Ball 1-0: Ground out 1-3 (Groundball, 13)
|
Top of the 3rd over - 1 run, 2 hits, 0 errors, 1 left on base; San Francisco 1 - Nassau 2 |
BOTTOM OF THE 3RD |
Nassau Rockets batting - Pitching for San Francisco Bandits : LHP Octávio Pérez
|
Batting: LHB Andrew Alvarado
|
0-0: Ball 1-0: Foul Ball, location: 2F 1-1: Ball 2-1: Ground out 6-3 (Groundball, 6S)
|
Batting: RHB Dexter Potter
|
0-0: Ball 1-0: Foul Ball, location: 2F 1-1: Ground out 4-3 (Groundball, 4)
|
Batting: LHB Wilson Allen
|
0-0: Ball 1-0: Ball 2-0: Foul Ball, location: 2F 2-1: Ball 3-1: Foul Ball, location: 2F 3-2: Ground out 6-3 (Groundball, 6)
|
Bottom of the 3rd over - 0 runs, 0 hits, 0 errors, 0 left on base; San Francisco 1 - Nassau 2 |
TOP OF THE 4TH |
San Francisco Bandits batting - Pitching for Nassau Rockets : RHP Bob Holland
|
Batting: RHB Dale Taylor
|
0-0: Called Strike 0-1: Swinging Strike 0-2: Ball 1-2: Strikes out swinging
|
Batting: LHB Mel Jones
|
0-0: Called Strike 0-1: Called Strike 0-2: Ball 1-2: Foul Ball, location: 2F 1-2: Ground out 5-3 (Groundball, 56)
|
Batting: SHB Terry Dailey
|
0-0: Ball 1-0: Called Strike 1-1: SINGLE (Line Drive, 4MD)
|
Batting: LHB Phil Cantrell
|
0-0: Ball 1-0: Foul Ball, location: 2F 1-1: SINGLE (Groundball, 34D) Terry Dailey to second Runner from 2nd tries for 3rd, SAFE, throw made to third
|
Now in RF: Alejandro Ramírez
|
|
Batting: RHB José Hernández
|
0-0: Called Strike 0-1: Ball 1-1: SINGLE (Flyball, 89S) Terry Dailey scores Phil Cantrell to second Runner from 2nd tries for 3rd, SAFE, no throw
|
Pinch Runner at 3rd Michael Elliott:
|
|
Batting: RHB David Crespo
|
0-0: Called Strike 0-1: Ball 1-1: Ball 2-1: Foul Ball, location: 2F 2-2: Fielders Choice at 2nd, 5-4 (Groundball, 56)
|
Top of the 4th over - 1 run, 3 hits, 0 errors, 2 left on base; San Francisco 2 - Nassau 2 |
BOTTOM OF THE 4TH |
Nassau Rockets batting - Pitching for San Francisco Bandits : LHP Octávio Pérez
|
Now in RF: Michael Elliott
|
|
Batting: RHB Salvador Borbón
|
0-0: Called Strike 0-1: Ball 1-1: Ball 2-1: Swinging Strike 2-2: Ball 3-2: Strikes out looking
|
Batting: RHB Alejandro Ramírez
|
0-0: Fly out, F4 (Popup, 34D)
|
Batting: RHB Aaron Wilson
|
0-0: Called Strike 0-1: Ball 1-1: SINGLE (Groundball, 6MD)
|
Batting: RHB Pepe González
|
0-0: Called Strike 0-1: Ball 1-1: Foul Ball, location: 2F 1-2: Ball 2-2: Strikes out looking
|
Bottom of the 4th over - 0 runs, 1 hit, 0 errors, 1 left on base; San Francisco 2 - Nassau 2 |
TOP OF THE 5TH |
San Francisco Bandits batting - Pitching for Nassau Rockets : RHP Bob Holland
|
Pitching: RHP Esteban Juárez
|
|
Batting: RHB Peter Bishop
|
0-0: Foul Ball, location: 2F 0-1: Swinging Strike 0-2: Ball 1-2: Foul Ball, location: 2F 1-2: Foul Ball, location: 2F 1-2: SINGLE (Flyball, 78S)
|
Batting: RHB Scott Merritt
|
0-0: Fly out, F3 (Popup, 34)
|
Batting: RHB Javier Ramírez
|
0-0: Ball 1-0: Ball 2-0: Ball 3-0: Base on Balls Peter Bishop to second
|
Batting: RHB Dale Taylor
|
0-0: Called Strike 0-1: Ball 1-1: Ball 2-1: Called Strike Peter Bishop steals 3rd base 2-2: SINGLE (Line Drive, 7S) Peter Bishop scores Javier Ramírez to second
|
Batting: LHB Mel Jones
|
0-0: SINGLE (Groundball, 4D) Javier Ramírez to third Dale Taylor to second Runner from 3rd tries for Home, SAFE, throw made home
|
Batting: SHB Terry Dailey
|
0-0: Foul Ball, location: 2F 0-1: Ball 1-1: Fly out, F9 (Line Drive, 89D)
|
Batting: RHB Michael Elliott
|
0-0: Ball 1-0: Foul Ball, location: 2F 1-1: Fielders Choice at 2nd, 5-4 (Groundball, 56)
|
Top of the 5th over - 2 runs, 3 hits, 0 errors, 2 left on base; San Francisco 4 - Nassau 2 |
TOP OF THE 6TH |
San Francisco Bandits batting - Pitching for Nassau Rockets : RHP Esteban Juárez
|
Pitching: RHP Matt Hoffman
|
|
Batting: RHB José Hernández
|
0-0: Ground out 6-3 (Groundball, 6)
|
Batting: RHB David Crespo
|
0-0: Ball 1-0: Swinging Strike 1-1: Foul Ball, location: 2F 1-2: Hit by Pitch
|
Pinch Hitting: LHB Mario García
|
0-0: Called Strike 0-1: Ball 1-1: Fly out, F7 (Flyball, 7D)
|
Pinch Hitting: LHB Alan McGilroy
|
0-0: Ball 1-0: Fly out, F8 (Flyball, 8RXD)
|
Top of the 6th over - 0 runs, 0 hits, 0 errors, 1 left on base; San Francisco 4 - Nassau 3 |
BOTTOM OF THE 6TH |
Nassau Rockets batting - Pitching for San Francisco Bandits : RHP Alfonso Martínez
|
Now at 1B: Alan McGilroy
|
|
Now in CF: Mario García
|
|
Batting: RHB Aaron Wilson
|
0-0: DOUBLE (Line Drive, 8RXD)
|
Batting: RHB Pepe González
|
0-0: Ball 1-0: Ball 2-0: Called Strike 2-1: Foul Ball, location: 2F 2-2: Ball 3-2: Ground out 6-3 (Groundball, 56D)
|
Batting: RHB Ken MacDonald
|
0-0: Ball 1-0: Called Strike 1-1: Swinging Strike 1-2: Ground out 6-3 (Groundball, 6D)
|
Pinch Hitting: LHB Dusty Wilson
|
0-0: Ball 1-0: Ground out 4-3 (Groundball, 4)
|
Bottom of the 6th over - 0 runs, 1 hit, 0 errors, 1 left on base; San Francisco 4 - Nassau 3 |
TOP OF THE 7TH |
San Francisco Bandits batting - Pitching for Nassau Rockets : RHP Matt Hoffman
|
Now in LF: Dusty Wilson
|
|
Pinch Hitting: SHB Ángel González
|
0-0: Foul Ball, location: 2F 0-1: Foul Ball, location: 2F 0-2: Foul Ball, location: 2F 0-2: Ball 1-2: Ball 2-2: Ball 3-2: Base on Balls
|
Batting: LHB Chris Austin
|
0-0: Ball 1-0: Ball 2-0: Grounds into double play, 5-4-3 (Groundball, 5L)
|
Pitching: LHP Dave Miller
|
|
Pinch Hitting: RHB Lorenzo Mota
|
0-0: Ground out 6-3 (Groundball, 6)
|
Top of the 7th over - 0 runs, 0 hits, 0 errors, 0 left on base; San Francisco 4 - Nassau 3 |
BOTTOM OF THE 7TH |
Nassau Rockets batting - Pitching for San Francisco Bandits : RHP Alfonso Martínez
|
Now at SS: Lorenzo Mota
|
|
Pinch Hitting: RHB Tommy Davenport
|
0-0: Ball
|
Now at 2B: Glenn Melican
|
1-0: Fly out, F7 (Line Drive, 7)
|
Batting: RHB Dexter Potter
|
0-0: Swinging Strike 0-1: Ball 1-1: Fly out, F9 (Flyball, 89S)
|
Pinch Hitting: RHB Kenji Kudo
|
0-0: Ball 1-0: Swinging Strike 1-1: Swinging Strike 1-2: Ball 2-2: Ball 3-2: Foul Ball, location: 2F 3-2: Strikes out swinging
|
Bottom of the 7th over - 0 runs, 0 hits, 0 errors, 0 left on base; San Francisco 4 - Nassau 3 |
TOP OF THE 8TH |
San Francisco Bandits batting - Pitching for Nassau Rockets : LHP Dave Miller
|
Pitching: RHP Jason Drake
|
|
Now at 1B: Tommy Davenport
|
|
Now in RF: Kenji Kudo
|
|
Batting: SHB Terry Dailey
|
0-0: Foul Ball, location: 2F 0-1: Ball 1-1: Swinging Strike 1-2: Ball 2-2: Foul Ball, location: 2F 2-2: Ball 3-2: SOLO HOME RUN (Flyball, 9LD), Distance : 346 ft
|
Batting: RHB Michael Elliott
|
0-0: Called Strike 0-1: Swinging Strike 0-2: Strikes out swinging
|
Batting: RHB José Hernández
|
0-0: DOUBLE (Flyball, 89D)
|
Batting: RHB David Crespo
|
0-0: Called Strike 0-1: Ball 1-1: Ball 2-1: Ball 3-1: Foul Ball, location: 2F 3-2: Base on Balls
|
Batting: LHB Mario García
|
0-0: Called Strike 0-1: Ball 1-1: Fly out, F1 (Line Drive, 13) Lined into DP, 1-3 (Line Drive, 13)
|
Top of the 8th over - 1 run, 2 hits, 0 errors, 1 left on base; San Francisco 5 - Nassau 3 |
BOTTOM OF THE 8TH |
Nassau Rockets batting - Pitching for San Francisco Bandits : RHP Alfonso Martínez
|
Pinch Hitting: LHB Juan Romero
|
0-0: Fly out, F7 (Flyball, 78S)
|
Batting: RHB Alejandro Ramírez
|
0-0: Ball 1-0: Foul Ball, location: 2F 1-1: Ground out 6-3 (Groundball, 56)
|
Pinch Hitting: RHB Jesús Villalobos
|
0-0: Called Strike 0-1: Ball 1-1: SINGLE (Flyball, 8RM)
|
Batting: RHB Pepe González
|
0-0: Swinging Strike 0-1: SINGLE (Flyball, 78S) Jesús Villalobos to second Throwing error, E7 Jesús Villalobos scores Pepe González to second
|
Batting: RHB Ken MacDonald
|
0-0: Swinging Strike 0-1: SINGLE (Groundball, 6MD) Pepe González to third Runner from 3rd tries for Home, SAFE, no throw
|
Pitching: RHP Carlos Ledezma
|
|
Batting: LHB Dusty Wilson
|
0-0: Ball 1-0: Ball 2-0: Called Strike 2-1: Foul Ball, location: 2F 2-2: Foul Ball, location: 2F 2-2: Strikes out swinging
|
Bottom of the 8th over - 2 runs, 3 hits, 1 error, 1 left on base; San Francisco 5 - Nassau 5 |
TOP OF THE 9TH |
San Francisco Bandits batting - Pitching for Nassau Rockets : RHP Jason Drake
|
Now at 2B: Juan Romero
|
|
Now at SS: Jesús Villalobos
|
|
Batting: LHB Alan McGilroy
|
0-0: Ball 1-0: Foul Ball, location: 2F 1-1: Fly out, F9 (Flyball, 89M)
|
Pinch Hitting: RHB Owen Carter
|
0-0: Foul Ball, location: 2F 0-1: Ball 1-1: Ball 2-1: Foul Ball, location: 2F 2-2: Ball 3-2: Ground out U3 (Groundball, 34)
|
Batting: LHB Chris Austin
|
0-0: Ball 1-0: Ball 2-0: Ball 3-0: Base on Balls
|
Batting: RHB Lorenzo Mota
|
0-0: Ground out 4-3 (Groundball, 4S)
|
Top of the 9th over - 0 runs, 0 hits, 0 errors, 1 left on base; San Francisco 5 - Nassau 5 |
BOTTOM OF THE 9TH |
Nassau Rockets batting - Pitching for San Francisco Bandits : RHP Carlos Ledezma
|
Now at 2B: Alberto Gómez
|
|
Batting: RHB Tommy Davenport
|
0-0: Fly out, F8 (Line Drive, 8RD)
|
Pinch Hitting: RHB Wallace Greene
|
0-0: Called Strike 0-1: Ball 1-1: Ground out 5-3 (Groundball, 56S)
|
Batting: RHB Kenji Kudo
|
0-0: Fly out, F5 (Line Drive, 5)
|
Bottom of the 9th over - 0 runs, 0 hits, 0 errors, 0 left on base; San Francisco 5 - Nassau 5 |
TOP OF THE 10TH |
San Francisco Bandits batting - Pitching for Nassau Rockets : RHP Jason Drake
|
Now at C: Wallace Greene
|
|
Batting: SHB Terry Dailey
|
0-0: Called Strike 0-1: Ball 1-1: Hit by Pitch
|
Batting: RHB Michael Elliott
|
0-0: Ball 1-0: SINGLE (Groundball, 25) (infield hit) Terry Dailey to second
|
Batting: RHB José Hernández
|
0-0: Ball 1-0: Ball 2-0: Called Strike 2-1: Foul Ball, location: 2F 2-2: Foul Ball, location: 2F 2-2: Foul Ball, location: 2F 2-2: Foul Ball, location: 2F 2-2: Ball 3-2: Foul Ball, location: 2F 3-2: Strikes out looking
|
Batting: RHB David Crespo
|
0-0: Ball 1-0: Ball 2-0: Ball 3-0: Base on Balls Terry Dailey to third Michael Elliott to second
|
Batting: LHB Mario García
|
0-0: SINGLE (Line Drive, 89S) Terry Dailey scores Michael Elliott to third David Crespo to second
|
Pitching: RHP Guan-cai Yong
|
|
Batting: LHB Alan McGilroy
|
0-0: Swinging Strike 0-1: Foul Ball, location: 2F 0-2: Strikes out swinging
|
Batting: LHB Alberto Gómez
|
0-0: Called Strike 0-1: Ball 1-1: Ball Wild Pitch! Michael Elliott scores David Crespo to third Mario García to second 2-1: Called Strike 2-2: Strikes out swinging
|
Top of the 10th over - 2 runs, 2 hits, 0 errors, 2 left on base; San Francisco 7 - Nassau 5 |
BOTTOM OF THE 10TH |
Nassau Rockets batting - Pitching for San Francisco Bandits : RHP Carlos Ledezma
|
Batting: LHB Juan Romero
|
0-0: Foul Ball, location: 2F 0-1: Ball 1-1: Foul Ball, location: 2F 1-2: Foul Ball, location: 2F 1-2: Foul Ball, location: 2F 1-2: Ball 2-2: Ball 3-2: Foul Ball, location: 2F 3-2: Ground out U3 (Groundball, 3L)
|
Batting: RHB Alejandro Ramírez
|
0-0: Ball 1-0: Reached on error, E5 (Groundball, 56)
|
Batting: RHB Jesús Villalobos
|
0-0: Called Strike 0-1: Fly out, F9 (Flyball, 9D)
|
Batting: SHB Pepe Pińa
|
0-0: Ball 1-0: Called Strike 1-1: Called Strike 1-2: Fly out, F8 (Flyball, 8LS)
|
Bottom of the 10th over - 0 runs, 0 hits, 1 error, 1 left on base; San Francisco 7 - Nassau 5 |
|